 Dungeon Crawl Stone Soup version 0.20.1-1-g8b1a95d (webtiles) character file.

84 equalderp2856 the Skirmisher (level 4, -6/36 HPs)
             Began as a Mummy Fighter on Oct 25, 2017.
             Mangled by an ogre
             ... wielding a +0 giant spiked club
              (10 damage)
             ... on level 3 of the Dungeon.
             The game lasted 00:01:21 (1061 turns).

equalderp2856 the Skirmisher (Mummy Fighter)        Turns: 1061, Time: 00:01:21

Health: -6/36      AC:  6    Str: 19    XL:     4   Next: 23%
Magic:  5/5        EV:  7    Int:  8    God:
Gold:   113        SH:  9    Dex: 11    Spells: 4/4 levels left

rFire    x . .     SeeInvis .   a - +0 war axe
rCold    + . .     Gourm    .   c - +0 shield
rNeg     + + +     Faith    .   b - +0 scale mail
rPois    ∞         Spirit   .   (no helmet)
rElec    .         Reflect  .   (no cloak)
rCorr    .         Harm     .   (no gloves)
MR       .....                  (no boots)
Stlth    ..........             (no amulet)
Regen    0.2/turn               (no ring)
MPRegen  0.1/turn               (no ring)

@: no status effects
A: no food or potions, fire vulnerability, cold resistance 1, negative energy
resistance 3, torment resistance, unbreathing
a: no special abilities


You were on level 3 of the Dungeon.
You were not hungry.

You visited 1 branch of the dungeon, and saw 3 of its levels.

You collected 113 gold pieces.

Inventory:

Hand Weapons
 a - a +0 war axe (weapon)
Armour
 b - a +0 scale mail (worn)
 c - a +0 shield (worn)
Jewellery
 g - an uncursed ring of poison resistance {unknown}
 i - an uncursed amulet of magic regeneration {unknown}
Scrolls
 d - 3 scrolls of remove curse {unknown}
 e - 6 scrolls of identify {unknown}
 f - a scroll of fog {unknown}
 h - a scroll of amnesia {unknown}
 j - 2 scrolls of teleportation {unknown}
 k - a scroll of recharging {unknown}


   Skills:
 + Level 3.6 Fighting
 * Level 2.3 Axes
 + Level 2.7 Armour
 + Level 0.5 Dodging
 + Level 2.7 Shields
 * Level 0.8 Spellcasting


You had 4 spell levels left.
You didn't know any spells.

Dungeon Overview and Level Annotations

Branches:
Dungeon (3/15)

Altars:
Dithmenos
Okawaru
Qazlal


Innate Abilities, Weirdness & Mutations

You do not eat or drink.
Your flesh is vulnerable to fire.
You are immune to poison.
Your flesh is cold resistant. (rC+)
You are immune to negative energy. (rN+++)
You are immune to unholy pain and torment.
You can survive without breathing.


Message History

You hit the ogre but do no damage.
The ogre hits you with a giant spiked club!!
Ouch! That really hurt!
You slash the ogre!
The ogre is heavily wounded.
The ogre barely misses you.
You slash the ogre!
The ogre is almost dead.
The ogre hits you with a giant spiked club!
* * * LOW HITPOINT WARNING * * *
You barely miss the ogre.
The ogre is almost dead.
The ogre barely misses you.
Your shield and scale mail prevent you from hitting the ogre.
The ogre is almost dead.
The ogre hits you but does no damage.
Your shield prevents you from hitting the ogre.
The ogre is almost dead.
The ogre hits you with a giant spiked club!
You die...

## .. .
####### #.
#<....#
#.###.#####.##
o........##.#
#.###.#.###.#
# #O# #.# #@#
#.# #.# #.#
#.# #.# #.#
#.# #.# #.#
#.# #.#
#.###.##
#......#
########


You could see an ogre.

Vanquished Creatures
  4 adders (D:2)
  An ooze (D:1)
  4 dart slugs (D:1)
  A leopard gecko (D:1)
  6 bats
  3 giant cockroaches
  2 goblins
  4 hobgoblins
  A ball python (D:1)
  3 frilled lizards
  3 kobolds
  5 rats
37 creatures vanquished.

Notes
Turn   | Place    | Note
-------+----------+-------------------------------------------
     0 | D:1      | equalderp2856 the Mummy Fighter began the quest for the Orb.
     0 | D:1      | Reached XP level 1. HP: 18/18 MP: 1/1
    49 | D:1      | Reached XP level 2. HP: 19/24 MP: 2/2
   169 | D:1      | Found an iron altar of Okawaru.
   225 | D:1      | Reached XP level 3. HP: 24/29 MP: 3/3
   627 | D:2      | Reached XP level 4. HP: 36/36 MP: 3/5
   711 | D:2      | Found a shadowy altar of Dithmenos.
   770 | D:2      | Found a stormy altar of Qazlal.
   772 | D:2      | Noticed an air elemental
   773 | D:2      | Noticed a water elemental
   773 | D:2      | Noticed an earth elemental
   773 | D:2      | Noticed a fire elemental
  1050 | D:3      | Noticed an ogre
  1061 | D:3      | Mangled by an ogre

Skill      XL: |  1  2  3 |
---------------+----------+-----
Axes           | 2 |  2.3
Fighting       | |  3.6
Armour         | |  2.7
Dodging        | |  0.5
Shields        | |  2.7
Spellcasting   | |  0.8

Action                   |  1- 3 |  4- 6 || total
-------------------------+-------+-------++-------
Melee: War axe           |   113 |    30 ||   143
Armor: Scale mail        |    76 |     7 ||    83
Dodge: Dodged            |    41 |     9 ||    50
Block: Shield            |    67 |    14 ||    81
